[Event "54th Rubinstein Memorial-A 2018"]
[Site "Polanica-Zdroj"]
[Date "2018.08.24"]
[Round "7"]
[White "Budnik, Mateusz"]
[Black "Kumala, Aleksander"]
[Result "0-1"]
[ECO "C47"]
[WhiteElo "2003"]
[BlackElo "2238"]
[Annotator "NA"]
[PlyCount "48"]
[EventDate "2018.08.18"]
[EventType "swiss"]
[EventCountry "POL"]
[SourceTitle "playchess.com"]
[Source "ChessBase"]
[SourceQuality "1"]
[TimeControl "40/5400+30:1800+30"]

1. e4 Nf6 2. Nc3 e5 3. Nf3 Nc6 4. d4 exd4 5. Nxd4 Nxe4 6. Nxe4 Qe7 7. f3 d5 8. Nxc6 {[%emt 0:00:21] C47: Scotch Four Knights and Four Knights with 4 g3} bxc6 9. Bd3 dxe4 10. fxe4 Qh4+ (10... Qe5 11. O-O Bd6 12. Bf4 Qc5+ 13. Kh1 Bxf4 14. Rxf4 O-O 15. Rh4 Rb8 {1-0 (72) Kobalia,M (2651)-Andreikin,D (2713) Khanty-Mansiysk 2013}) 11. g3 Qh3 12. Qf3 Bg4 13. Qf1 Qh5 14. Bd2 $146 ({Predecessor:} 14. Qf2 Bd6 15. Bf4 O-O 16. Bxd6 cxd6 {0-1 (40) Doluhanova,E (2336)-Joie,S (2334) Metz 2014}) 14... Bc5 15. Be2 O-O 16. Bxg4 Qxg4 17. Qf4 Qe6 18. Kd1 Rfd8 19. Kc1 Rab8 20. Rd1 Qc4 21. Qf3 Bd4 $17 22. c3 Bc5 23. Kc2 Rxb2+ 24. Kxb2 Qb5+ 0-1

[Event "54th Rubinstein Memorial-A 2018"]
[Site "Polanica-Zdroj"]
[Date "2018.08.24"]
[Round "7"]
[White "Rosicki, Marcin"]
[Black "Zaleski, Lukasz"]
[Result "0-1"]
[ECO "C11"]
[WhiteElo "2002"]
[BlackElo "2164"]
[Annotator "NA"]
[PlyCount "82"]
[EventDate "2018.08.18"]
[EventType "swiss"]
[EventCountry "POL"]
[SourceTitle "playchess.com"]
[Source "ChessBase"]
[SourceQuality "1"]
[TimeControl "40/5400+30:1800+30"]

1. e4 e6 2. Nf3 d5 3. Nc3 Nf6 4. e5 Nfd7 5. d4 c5 6. dxc5 Nc6 7. Bg5 Be7 8. Bxe7 Qxe7 9. Bb5 Qxc5 10. O-O O-O 11. Qe2 a6 12. Bxc6 bxc6 13. Rfd1 a5 14. Nd4 a4 15. a3 Nb6 16. Na2 Nc4 17. Nb4 Bb7 $17 (17... Nxb2 $19 18. Rdc1 Qxd4) 18. b3 Nxa3 19. Rxa3 Qxb4 20. Rxa4 Rxa4 21. bxa4 Qxa4 22. Nb3 Ba6 23. Qe3 Qc4 24. Qc5 Qe2 25. Ra1 Qxe5 26. Qxc6 Bc4 27. Qa4 Qc3 28. Rc1 Bxb3 29. Qxb3 Qxb3 30. cxb3 Rb8 31. Kf1 Kf8 32. Rb1 Ke7 33. Ke2 Kd6 34. Kd3 e5 35. b4 Ra8 36. Rb2 Ra3+ 37. Kd2 d4 38. f3 f6 39. f4 e4 40. f5 Kd5 41. b5 Ra7 0-1

[Event "54th Rubinstein Memorial-A 2018"]
[Site "Polanica-Zdroj"]
[Date "2018.08.24"]
[Round "7"]
[White "Schoenau, Helmut"]
[Black "Wisniewski, Michal"]
[Result "0-1"]
[ECO "A29"]
[WhiteElo "1947"]
[BlackElo "2122"]
[Annotator "NA"]
[PlyCount "36"]
[EventDate "2018.08.18"]
[EventType "swiss"]
[EventCountry "POL"]
[SourceTitle "playchess.com"]
[Source "ChessBase"]
[SourceQuality "1"]
[TimeControl "40/5400+30:1800+30"]

1. c4 Nf6 2. Nc3 e5 3. Nf3 Nc6 4. g3 d5 5. cxd5 Nxd5 6. Bg2 Nb6 7. d3 Be7 8. O-O O-O 9. a3 Be6 10. b4 a5 11. b5 Nd4 12. Nd2 c6 13. bxc6 Nxc6 14. Bb2 a4 15. Rb1 Na5 16. Nxa4 Nxa4 17. Bxe5 Nc6 18. Bf4 Nc3 0-1

[Event "54th Rubinstein Memorial-A 2018"]
[Site "Polanica-Zdroj"]
[Date "2018.08.24"]
[Round "7"]
[White "Vanduyfhuys, Daria"]
[Black "Bukojemski, Adam"]
[Result "1/2-1/2"]
[ECO "A57"]
[WhiteElo "1878"]
[BlackElo "2233"]
[Annotator "NA"]
[PlyCount "129"]
[EventDate "2018.08.18"]
[EventType "swiss"]
[EventCountry "POL"]
[SourceTitle "playchess.com"]
[Source "ChessBase"]
[SourceQuality "1"]
[TimeControl "40/5400+30:1800+30"]

1. d4 Nf6 2. c4 c5 3. d5 b5 4. Qc2 Na6 5. a3 bxc4 6. e4 g6 7. Bxc4 Nc7 8. Nf3 Bg7 9. Nc3 d6 10. O-O O-O 11. h3 Rb8 12. Rb1 a6 13. Qe2 Nb5 14. Bd2 Qb6 $11 15. Na4 Qc7 16. Rfc1 Nd7 17. Qd3 f5 18. exf5 Rxf5 19. b4 Rxf3 20. Qxf3 Ne5 21. Qg3 Bf5 22. Rb3 Nd4 23. Re3 Bd7 24. Rxe5 Bxe5 25. Qxe5 Bxa4 26. bxc5 dxe5 27. d6+ Kg7 28. dxc7 Rc8 29. Ba5 Bb5 30. Bxb5 Nxb5 31. a4 Nxc7 32. Bc3 Kf6 33. f4 Nd5 34. Bxe5+ Kf5 35. g4+ Ke6 36. Kg2 Nb4 37. Rc3 Kd5 38. Rb3 a5 39. Rc3 Rxc5 40. Rxc5+ Kxc5 41. Kf3 Nc6 42. Ke4 e6 43. Bc3 Kc4 44. Bxa5 Kb3 45. Bc7 Kxa4 46. f5 exf5+ 47. gxf5 gxf5+ 48. Kxf5 Ne7+ 49. Ke6 Ng6 50. Kf6 Kb5 51. Kg7 Kc6 52. Kxh7 Nh4 53. Bd8 Ng2 54. Kh6 Kd7 55. Bg5 Ke6 56. Kg6 Ke5 57. Bd2 Ke4 58. Kg5 Kf3 59. Be1 Ke2 60. Bb4 Kf3 61. Bd6 Kf2 62. Kg4 Ne3+ 63. Kf4 Ng2+ 64. Ke4 Nh4 65. Kf4 1/2-1/2

[Event "54th Rubinstein Memorial-A 2018"]
[Site "Polanica-Zdroj"]
[Date "2018.08.24"]
[Round "7"]
[White "Luberanski, Jakub"]
[Black "Djuric, Stefan"]
[Result "1/2-1/2"]
[ECO "B17"]
[WhiteElo "1763"]
[BlackElo "2352"]
[Annotator "NA"]
[PlyCount "73"]
[EventDate "2018.08.18"]
[EventType "swiss"]
[EventCountry "POL"]
[SourceTitle "playchess.com"]
[Source "ChessBase"]
[SourceQuality "1"]
[TimeControl "40/5400+30:1800+30"]

1. e4 c6 2. d4 d5 3. Nc3 dxe4 4. Nxe4 Nd7 5. Ng5 Ngf6 6. Bd3 e6 7. N1f3 Bd6 8. Qe2 O-O 9. Nxe6 Bb4+ 10. c3 Bxc3+ 11. bxc3 fxe6 12. Qxe6+ ({Better is} 12. O-O $18) 12... Kh8 13. O-O Nc5 14. Qe2 Nxd3 15. Qxd3 Qd5 16. Ne5 c5 17. Ba3 ({Günstiger ist} 17. Re1 $16) 17... Re8 $16 18. Qf3 Qxf3 19. Nxf3 cxd4 20. cxd4 Be6 21. Bd6 Bd5 22. a3 Ne4 23. Be5 Nc3 24. Rfe1 Rac8 25. h3 Kg8 26. Kh2 b5 27. Nh4 Rf8 28. f4 a5 29. Re3 Rc6 30. Rg3 g6 31. Re1 Ne4 32. Rge3 Nd2 33. Rg3 Ne4 34. Rge3 Nd2 35. Rg3 Ne4 36. Rge3 Nd2 37. Rg3 1/2-1/2

[Event "54th Rubinstein Memorial-A 2018"]
[Site "Polanica-Zdroj"]
[Date "2018.08.25"]
[Round "8"]
[White "Kucza, Karol"]
[Black "Golecki, Jan"]
[Result "1-0"]
[ECO "B78"]
[WhiteElo "2342"]
[BlackElo "1943"]
[Annotator "NA RC"]
[PlyCount "97"]
[EventDate "2018.08.18"]
[EventType "swiss"]
[EventCountry "POL"]
[SourceTitle "playchess.com"]
[Source "ChessBase"]
[SourceQuality "1"]
[TimeControl "40/5400+30:1800+30"]

1. e4 c5 2. Nf3 d6 3. d4 cxd4 4. Nxd4 Nf6 5. Nc3 g6 6. Be3 Bg7 7. f3 O-O 8. Qd2 Nc6 9. Bc4 Bd7 10. O-O-O Rc8 11. Bb3 Ne5 12. Kb1 Nc4 13. Bxc4 Rxc4 14. g4 Re8 15. h4 h5 {[%emt 0:00:36] B78: Sicilian Dragon: Yugoslav Attack, 9 Bc4 Bd7 10 0-0-0 Rc8} (15... Qa5 16. Nb3 Qa6 17. Bh6 Bh8 18. e5 Nxg4 19. fxg4 Bxe5 20. h5 Bxg4 21. hxg6 hxg6 22. Rdf1 Be6 23. Bf4 {1-0 (34) Zhigalko,S (2655)-Terzi,A (2311) Minsk 2016}) 16. g5 Nh7 17. Nde2 Qa5 18. Bd4 Be6 $146 ({Predecessor:} 18... Nf8 19. Bxg7 Kxg7 20. Rhe1 Be6 21. Nd4 Nd7 22. Re3 Rec8 23. Nd5 Qxd2 24. Rxd2 Bxd5 25. exd5 Kf8 26. b3 Rc3 27. Rde2 Rxe3 28. Rxe3 a6 29. a4 Ke8 30. c4 {1-0 (30) Jenkinson,S (2288)-Malushko,N (2191) ICCF email 2014}) 19. Bxg7 Kxg7 20. b3 Rc7 $14 21. Rhe1 Nf8 22. Nd5 Qxd2 23. Rxd2 Rc5 24. c4 Nd7 25. Nd4 a6 26. Kb2 Kf8 27. Nf4 Re5 28. Ndxe6+ Rxe6 29. Nxe6+ fxe6 30. f4 e5 31. f5 Kg7 32. f6+ Kf7 33. fxe7 Kxe7 34. Red1 Nc5 35. Rxd6 Nxe4 36. Rxg6 Rf8 37. Rc1 Nc5 38. Rc2 e4 39. Re2 Rf4 40. b4 Nd3+ 41. Kc3 Ne5 42. Rb6 Rxh4 43. g6 Rg4 44. Rxb7+ Kd6 45. Rb6+ Kc7 46. Re6 Nxg6 47. R2xe4 Rg3+ 48. Re3 Rg2 49. Rxa6 1-0

[Event "54th Rubinstein Memorial-A 2018"]
[Site "Polanica-Zdroj"]
[Date "2018.08.26"]
[Round "9"]
[White "Manik, Mikulas"]
[Black "Sabuk, Piotr"]
[Result "1/2-1/2"]
[ECO "B90"]
[WhiteElo "2408"]
[BlackElo "2377"]
[Annotator "ChessBase"]
[PlyCount "50"]
[EventDate "2018.08.18"]
[EventType "swiss"]
[EventCountry "POL"]
[SourceTitle "playchess.com"]
[Source "ChessBase"]
[SourceQuality "1"]
[TimeControl "40/5400+30:1800+30"]

1. e4 c5 2. Nf3 d6 3. d4 cxd4 4. Nxd4 Nf6 5. Nc3 a6 6. Be3 e5 7. Nf3 Be7 8. a4 O-O 9. Bc4 Be6 10. Bb3 Nc6 11. Bg5 Rc8 12. Bxf6 Bxf6 13. Nd5 Bxd5 14. Qxd5 Ne7 15. Qd3 d5 16. O-O d4 17. g3 Nc6 18. Qe2 Qb6 19. Rab1 Rc7 20. Ne1 Rfc8 21. Kg2 Nb4 22. Rd1 Nc6 23. Rb1 Nb4 24. Rd1 Nc6 25. Rb1 Nb4 1/2-1/2

[Event "54th Rubinstein Memorial-A 2018"]
[Site "Polanica-Zdroj"]
[Date "2018.08.26"]
[Round "9"]
[White "Cherepov, Alexej"]
[Black "Psyk, Radoslaw"]
[Result "1-0"]
[ECO "A06"]
[WhiteElo "2245"]
[BlackElo "2304"]
[Annotator "NA"]
[PlyCount "119"]
[EventDate "2018.08.18"]
[EventType "swiss"]
[EventCountry "POL"]
[SourceTitle "playchess.com"]
[Source "ChessBase"]
[SourceQuality "1"]
[TimeControl "40/5400+30:1800+30"]

1. Nf3 d5 2. g3 c6 3. Bg2 Bg4 4. O-O Nd7 5. d4 e6 6. Nbd2 Ngf6 7. Re1 Bd6 8. e4 dxe4 9. Nxe4 {LiveBook: 57 Games} Nxe4 10. Rxe4 Nf6 {D02: Damenbauernspiele} 11. Re1 O-O 12. c3 Qc7 13. Qb3 {[#]} Rad8 $146 ({Vorgänger:} 13... Nd7 14. Ng5 Nf6 {½-½ (66) Pantsulaia,L (2598)-Shirov,A (2676) Al Ain 2015}) 14. Ne5 Bxe5 15. dxe5 Nd7 16. Qa4 Bh5 17. Qxa7 Nxe5 18. Bf4 f6 19. Qe3 Qf7 20. Bxe5 fxe5 21. a4 Bg6 22. Bf1 Bh5 23. Be2 Rd5 24. a5 Rfd8 25. a6 bxa6 26. Rxa6 Bxe2 27. Rxe2 c5 $1 $11 28. Qe4 Qf5 29. Qe3 Qh3 30. Ra1 c4 31. Rae1 Qf5 32. Kg2 Rd1 33. Rxd1 Rxd1 34. Qxe5 Qxe5 35. Rxe5 Kf7 36. Kf3 Kf6 37. Re4 Rb1 38. Rxc4 Rxb2 39. h4 h5 40. Rc7 g6 41. Ke3 Ke5 (41... Rb5 $16 42. Rc8 Re5+ 43. Kd2 Ra5) 42. Rc5+ Kf6 43. f4 Rg2 44. Rg5 Ra2 45. c4 Ra8 46. Kd4 Rd8+ 47. Kc3 Rg8 48. c5 Ke7 49. Kd4 Rd8+ 50. Ke5 Rc8 51. Kd4 Rg8 52. Ke4 Rc8 53. Kd3 Rg8 54. Kc4 Kd7 55. Kd4 Ke7 56. c6 Kd6 57. Rc5 $18 Kc7 58. Ke5 Rd8 59. Kf6 Rd3 60. Rg5 1-0

[Event "54th Rubinstein Memorial-A 2018"]
[Site "Polanica-Zdroj"]
[Date "2018.08.26"]
[Round "9"]
[White "Lapaj, Mateusz"]
[Black "Nurkiewicz, Maciej"]
[Result "1/2-1/2"]
[ECO "B01"]
[WhiteElo "2198"]
[BlackElo "2371"]
[Annotator "NA"]
[PlyCount "60"]
[EventDate "2018.08.18"]
[EventType "swiss"]
[EventCountry "POL"]
[SourceTitle "playchess.com"]
[Source "ChessBase"]
[SourceQuality "1"]
[TimeControl "40/5400+30:1800+30"]

1. e4 d5 2. exd5 Qxd5 3. Nc3 Qa5 4. d4 Nf6 5. Bc4 Bf5 6. Bd2 c6 7. Nf3 e6 8. Nd5 Qd8 9. Nxf6+ {[%emt 0:00:05] LiveBook: 541 Games} gxf6 10. Bc3 Nd7 11. Qe2 Nb6 $11 12. Ba5 Be7 13. O-O-O Qd6 14. Bd3 Bxd3 15. Qxd3 Qd5 16. Bxb6 axb6 17. c4 Qa5 18. a3 b5 19. Rhe1 bxc4 20. Qxc4 O-O 21. Rd3 b5 22. Qc2 b4 23. Ne5 bxa3 24. Rg3+ Kh8 25. Qxh7+ Kxh7 26. Rh3+ Kg7 27. Rg3+ Kh7 28. Rh3+ Kg7 29. Rg3+ Kh7 30. Rh3+ Kg7 1/2-1/2

[Event "54th Rubinstein Memorial-A 2018"]
[Site "Polanica-Zdroj"]
[Date "2018.08.26"]
[Round "9"]
[White "Okrucinski, Tadeusz"]
[Black "Mika, Tomasz"]
[Result "1/2-1/2"]
[ECO "D11"]
[WhiteElo "2182"]
[BlackElo "2120"]
[Annotator "NA"]
[PlyCount "79"]
[EventDate "2018.08.18"]
[EventType "swiss"]
[EventCountry "POL"]
[SourceTitle "playchess.com"]
[Source "ChessBase"]
[SourceQuality "1"]
[TimeControl "40/5400+30:1800+30"]

1. d4 d5 2. c4 c6 3. Nf3 Nf6 4. g3 dxc4 5. Bg2 Bf5 6. O-O Nbd7 7. Nc3 e6 8. Nh4 Be7 9. Nxf5 exf5 10. d5 cxd5 11. Nxd5 Nb6 12. Nxb6 Qxd1 13. Rxd1 axb6 14. Bxb7 Ra7 15. Bc6+ Kf8 16. Be3 Rc7 $18 17. Bb5 Ne4 18. f3 Nd6 19. a4 g5 20. Bxb6 Nxb5 21. axb5 Bc5+ 22. Bxc5+ Rxc5 23. Ra7 Kg7 24. Rdd7 Rf8 25. Rab7 Re5 26. Kf1 Kg6 27. Re7 Rd5 28. Ke1 h6 29. Red7 Re5 30. Re7 Rd5 31. Rb6+ Kg7 32. Rbb7 Kg6 33. Rb6+ Kg7 34. Rbb7 Kg6 35. Rec7 Rfd8 36. Rxf7 Rd1+ 37. Kf2 R1d2 38. Rfe7 R8d6 39. Rbc7 Rxb2 40. Rxc4 1/2-1/2

[Event "54th Rubinstein Memorial-A 2018"]
[Site "Polanica-Zdroj"]
[Date "2018.08.26"]
[Round "9"]
[White "Sanz Wawer, Daniel"]
[Black "Betkowski, Andrzej"]
[Result "1/2-1/2"]
[ECO "A40"]
[WhiteElo "2180"]
[BlackElo "2041"]
[Annotator "NA"]
[PlyCount "125"]
[EventDate "2018.08.18"]
[EventType "swiss"]
[EventCountry "POL"]
[SourceTitle "playchess.com"]
[Source "ChessBase"]
[SourceQuality "1"]
[TimeControl "40/5400+30:1800+30"]

1. d4 e6 2. c4 b6 3. Nc3 Bb7 4. Nf3 Bb4 5. Qc2 f5 6. a3 Bxc3+ 7. Qxc3 Nf6 8. g3 {E32: Nimzo-Indian: Classical (4 Qc2): 4...0-0} O-O (8... d6 9. Bg2 O-O 10. O-O Nbd7 11. b4 Qe8 12. a4 a5 13. b5 Qh5 14. Qc2 Rae8 15. Ba3 f4 {0-1 (68) Fedoseev,V (2548)-Khismatullin,D (2656) Plovdiv 2012}) 9. Bg2 Qe7 10. O-O d6 11. b4 c5 12. Bg5 $146 ({Predecessor:} 12. dxc5 dxc5 13. b5 {0-1 (30) Peat,M (2078)-Kennedy,C (1897) London 2013}) 12... Nbd7 13. bxc5 dxc5 14. Rfd1 cxd4 15. Qxd4 Nc5 16. Qb2 Rad8 17. Bf4 Rxd1+ 18. Rxd1 Rd8 19. Rxd8+ Qxd8 20. Nd2 Nfe4 21. Nxe4 Qd1+ 22. Bf1 Bxe4 23. Qe5 Qd7 24. Qb8+ Kf7 25. h4 h5 26. Qh8 Kg6 27. Be5 Qe7 28. f3 Nd7 29. Bd4 Bc6 30. g4 fxg4 31. fxg4 Nf6 32. gxh5+ Nxh5 33. Qg8 Qd6 34. Bf2 Nf6 35. h5+ Nxh5 36. e3 Nf6 37. Qh8 Nh7 38. e4 Qf4 39. Bg2 Nf6 40. Qh3 Bxe4 41. Qxe6 Bxg2 42. Kxg2 Qe4+ 43. Qxe4+ Nxe4 44. Bd4 Kf7 45. Kh3 g5 46. Kg4 Kg6 47. Be3 Nf6+ 48. Kf3 Kf5 49. c5 Nd5 50. cxb6 axb6 51. Bd4 g4+ 52. Kg3 b5 53. Ba7 Nc3 54. Bb8 Ne4+ 55. Kg2 Ke6 56. Bf4 Kd5 57. Bh6 Kc4 58. Bf8 Kb3 59. Be7 Nd2 $11 ({Black should try} 59... Kc3 $17 60. Bb4+ Kd4) 60. Kg3 Nc4 61. Kxg4 Nxa3 62. Kf3 Nc2 63. Ke4 1/2-1/2

[Event "54th Rubinstein Memorial-A 2018"]
[Site "Polanica-Zdroj"]
[Date "2018.08.26"]
[Round "9"]
[White "Zaleski, Lukasz"]
[Black "Bilczewski, Kacper"]
[Result "0-1"]
[ECO "B07"]
[WhiteElo "2164"]
[BlackElo "2089"]
[Annotator "NA"]
[PlyCount "46"]
[EventDate "2018.08.18"]
[EventType "swiss"]
[EventCountry "POL"]
[SourceTitle "playchess.com"]
[Source "ChessBase"]
[SourceQuality "1"]
[TimeControl "40/5400+30:1800+30"]

1. e4 d6 2. d4 Nf6 3. Nc3 e5 4. Nge2 Be7 5. h3 c6 6. g4 b5 7. a3 a5 8. Bg2 Nbd7 9. Ng3 $14 (9. d5 $16) 9... Nb6 10. O-O O-O 11. f4 Qc7 12. g5 Ne8 13. f5 f6 14. g6 h6 15. Nh5 Ba6 16. Re1 b4 17. axb4 axb4 18. Ne2 Bxe2 19. Qxe2 Rxa1 20. Qe3 Bd8 21. Qb3+ Kh8 22. Qxb4 c5 23. Qc3 cxd4 0-1

[Event "54th Rubinstein Memorial-A 2018"]
[Site "Polanica-Zdroj"]
[Date "2018.08.26"]
[Round "9"]
[White "Kozak, Antoni"]
[Black "Bukojemski, Adam"]
[Result "1/2-1/2"]
[ECO "A45"]
[WhiteElo "2157"]
[BlackElo "2233"]
[Annotator "NA"]
[PlyCount "100"]
[EventDate "2018.08.18"]
[EventType "swiss"]
[EventCountry "POL"]
[SourceTitle "playchess.com"]
[Source "ChessBase"]
[SourceQuality "1"]
[TimeControl "40/5400+30:1800+30"]

1. d4 Nf6 2. Bf4 e6 3. e3 c5 4. Nf3 Qb6 5. Na3 {[%emt 0:10:16] A46: 1 d4 Nf6 2 Nf3 e6: Torre, London and Colle Systems} cxd4 6. Nb5 Nd5 7. Qxd4 Qxd4 8. Nfxd4 {[%emt 0:00:39] LiveBook: 6 Games} Nxf4 9. exf4 (9. Nc7+ Kd8 10. Nxa8 Nd5 11. Be2 b6 12. Bf3 Bb4+ {1-0 (51) Stocek,J (2560)-Navara,D (2732) Ostrava 2017}) 9... Kd8 10. Nf3 $146 ({Predecessor:} 10. O-O-O a6 11. Nc3 Nc6 12. Ne4 Kc7 13. Be2 Nxd4 14. Rxd4 {0-1 (65) Federic,J (2296)-Plat,V (2510) Frydek Mistek 2017}) 10... f6 11. O-O-O a6 12. Nd6 Bxd6 13. Rxd6 Kc7 14. Rd2 b5 15. h4 Nc6 16. Rh3 Bb7 17. Rg3 g6 18. h5 Ne7 19. Nh4 Rag8 20. a4 Bc6 21. axb5 axb5 22. Be2 Ra8 23. Rd4 Ra1+ 24. Kd2 Rh1 25. Rh3 Rxh3 26. gxh3 Ra8 27. Rd3 {[%emt 0:01:13] [#]} Ra4 $1 28. hxg6 hxg6 29. Rg3 Nf5 30. Nxf5 gxf5 31. Rg6 Rxf4 32. f3 Rh4 33. Bf1 Bxf3 34. Bxb5 Rxh3 35. Rxf6 Rh2+ 36. Ke3 Be4 37. Rf7 Rxc2 38. Rxd7+ Kb6 39. Bd3 Bxd3 ({Inferior is} 39... Rxb2 40. Bxe4 fxe4 41. Rd6+ Kc5 42. Rxe6 $11) 40. Kxd3 Rxb2 41. Rd6+ Kc5 42. Rxe6 Kd5 43. Ra6 Rb3+ 44. Ke2 Ke5 45. Ra4 f4 46. Ra8 $11 Kf5 47. Rf8+ Kg4 48. Rg8+ Kh3 49. Kf2 Rg3 50. Rh8+ Kg4 1/2-1/2

[Event "54th Rubinstein Memorial-A 2018"]
[Site "Polanica-Zdroj"]
[Date "2018.08.26"]
[Round "9"]
[White "Klepek, Witold"]
[Black "Djuric, Stefan"]
[Result "0-1"]
[ECO "C44"]
[WhiteElo "2139"]
[BlackElo "2352"]
[Annotator "NA"]
[PlyCount "50"]
[EventDate "2018.08.18"]
[EventType "swiss"]
[EventCountry "POL"]
[SourceTitle "playchess.com"]
[Source "ChessBase"]
[SourceQuality "1"]
[TimeControl "40/5400+30:1800+30"]

1. e4 e5 2. Nf3 Nc6 3. d4 exd4 4. Nxd4 Bb4+ 5. c3 Bc5 {[%emt 0:00:17] C45: Schottische Partie} (5... Be7 6. Nxc6 bxc6 7. Bd3 d6 8. O-O Nf6 9. Re1 O-O 10. Nd2 Re8 11. Nf3 Nd7 12. Bf4 Nc5 13. Bc2 Bg4 14. h3 Bh5 15. Be3 Nd7 16. Ba4 c5 {0-1 (29) So,W (2810)-Carlsen,M (2822) Saint Louis 2017 CBM 180 [Mekhitarian,K]}) 6. g3 Nf6 7. Bg2 O-O 8. O-O Re8 9. Re1 d5 $146 ({Vorgänger:} 9... d6 10. h3 Ne5 11. Kh2 c6 12. f4 Ng6 13. Qf3 {½-½ (25) Krumm,J (2069)-Kopp,B (2183) Germany 2016}) 10. Nxc6 bxc6 11. Bg5 h6 12. Bxf6 Qxf6 13. Qf3 Qxf3 14. Bxf3 f5 15. e5 {[%emt 0:03:12] [#]} Rb8 $1 16. Bh5 Rxb2 17. Bxe8 Bxf2+ 18. Kh1 Bxe1 19. Bxc6 Be6 20. Na3 Bxc3 21. Rc1 Bd2 22. Rd1 a6 23. Nb1 Bb4 24. a3 $19 Ba5 25. Rc1 d4 0-1

[Event "54th Rubinstein Memorial-A 2018"]
[Site "Polanica-Zdroj"]
[Date "2018.08.26"]
[Round "9"]
[White "Wisniewski, Michal"]
[Black "Reza, Wojciech"]
[Result "1-0"]
[ECO "A00"]
[WhiteElo "2122"]
[BlackElo "2303"]
[Annotator "NA"]
[PlyCount "77"]
[EventDate "2018.08.18"]
[EventType "swiss"]
[EventCountry "POL"]
[SourceTitle "playchess.com"]
[Source "ChessBase"]
[SourceQuality "1"]
[TimeControl "40/5400+30:1800+30"]

1. c3 Nf6 2. c4 {[%emt 0:00:08] A00: Irregular Openings} (2. d4 g6 3. Bg5 Bg7 4. Nd2 O-O 5. e3 c5 6. dxc5 a5 7. Bxf6 Bxf6 8. Ne4 Bg7 9. Qd5 a4 10. h4 a3 11. b4 Nc6 12. Rd1 {1-0 (32) Bartel,M (2609)-Ladva,O (2522) Katowice 2017}) 2... e5 3. d3 Nc6 4. a3 d5 5. cxd5 Nxd5 {[%emt 0:00:05] LiveBook: 700 Games} 6. Nf3 Bg4 7. Nbd2 $146 ({Predecessor:} 7. e3 Qf6 8. h3 Bh5 9. Be2 O-O-O {½-½ (23) Ustinov,A (2193)-Denishev,M (2131) Dmitrov 2011}) 7... Bc5 8. h3 Be6 9. Qc2 Qe7 10. b4 Bb6 11. Bb2 Bd7 ({Black should try} 11... Nd4 $11 12. Nxd4 exd4) 12. Nc4 O-O 13. e4 Nf4 14. Nfxe5 Nd4 15. Qc3 Ba4 16. Rc1 Nfe6 17. Nxb6 cxb6 18. Nf3 Rfd8 19. Be2 Nxe2 20. Kxe2 Nf4+ 21. Kf1 {[%emt 0:01:11] [#]} f6 ({Black should play} 21... Qf8 $1 $17 22. Nd4 Rac8) 22. Nd4 Qd7 23. g3 Nxh3 24. Qc4+ Kh8 25. b5 Rac8 26. Qxa4 Rxc1+ 27. Bxc1 Ng5 28. Be3 Qg4 29. Bxg5 fxg5 30. Kg2 Qd7 31. Nf3 Qxd3 32. Nxg5 Kg8 {[%emt 0:00:28] [#]} 33. Rc1 $18 (33. Rd1 $142 $3 Qxd1 34. Qc4+ Qd5 35. exd5 h6 36. d6+ Kh8 37. Nf7+ Kh7 38. Nxd8) 33... h6 34. Nf3 Qd7 35. Qc4+ Kh7 36. e5 Re8 37. Re1 Re6 38. Re3 Qe7 39. Qe4+ 1-0

[Event "54th Rubinstein Memorial-A 2018"]
[Site "Polanica-Zdroj"]
[Date "2018.08.26"]
[Round "9"]
[White "Goslawski, Michal"]
[Black "Kucza, Karol"]
[Result "1/2-1/2"]
[ECO "E04"]
[WhiteElo "2110"]
[BlackElo "2342"]
[Annotator "NA"]
[PlyCount "70"]
[EventDate "2018.08.18"]
[EventType "swiss"]
[EventCountry "POL"]
[SourceTitle "playchess.com"]
[Source "ChessBase"]
[SourceQuality "1"]
[TimeControl "40/5400+30:1800+30"]

1. Nf3 Nf6 2. c4 e6 3. g3 d5 4. d4 dxc4 5. Bg2 a6 6. O-O Nc6 7. e3 Bd7 8. Qe2 Bd6 9. Qxc4 O-O 10. Rd1 Rb8 11. Nc3 Qe7 12. e4 b5 13. Qe2 e5 14. dxe5 Nxe5 15. Nxe5 Bxe5 16. h3 b4 17. Nd5 $15 Nxd5 18. Rxd5 Bc6 19. Rd1 Bb5 20. Qc2 c5 21. Be3 Rbc8 22. a4 bxa3 23. Rxa3 Rfd8 24. Rxd8+ Qxd8 25. Bxc5 Bxb2 26. Qxb2 Rxc5 27. Rc3 Qd4 28. Rxc5 Qxc5 29. Qd2 Qc7 30. Qd5 Bc6 31. Qc5 Qb7 32. Qa5 h6 33. Bf1 Qb1 34. Qxa6 Bxe4 35. Qb5 Qxb5 1/2-1/2

[Event "54th Rubinstein Memorial-A 2018"]
[Site "Polanica-Zdroj"]
[Date "2018.08.26"]
[Round "9"]
[White "Luberanski, Jakub"]
[Black "Nowak, Kamil"]
[Result "0-1"]
[ECO "C11"]
[WhiteElo "1763"]
[BlackElo "2313"]
[Annotator "NA"]
[PlyCount "98"]
[EventDate "2018.08.18"]
[EventType "swiss"]
[EventCountry "POL"]
[SourceTitle "playchess.com"]
[Source "ChessBase"]
[SourceQuality "1"]
[TimeControl "40/5400+30:1800+30"]

1. e4 e6 2. d4 d5 3. Nc3 Nf6 4. e5 Nfd7 5. f4 c5 6. Nf3 Nc6 7. Be3 Be7 8. Be2 O-O 9. O-O {[%emt 0:01:22] C11: French: Classical System: 4 e5 and 4 Bg5 dxe4} (9. Qd2 b6 {½-½ (9) Solodovnichenko,Y (2531)-Baklan,V (2595) Cesme 2018}) 9... b6 10. Qe1 f5 11. Kh1 Bb7 12. Rd1 Kh8 $146 ({Predecessor:} 12... cxd4 13. Nxd4 Nxd4 14. Bxd4 Nc5 15. b4 Nd7 {½-½ (29) Adair,J (2488)-Martins,D (2383) Reading 2016}) 13. Qg3 Rg8 14. Qh3 cxd4 15. Nxd4 Nxd4 16. Bxd4 Nc5 17. g4 Qc8 18. Rg1 Ne4 19. gxf5 exf5 20. Bh5 Rf8 21. Rg2 Bc5 22. Ne2 Qe6 23. Rdg1 Qh6 24. c3 Bxd4 25. cxd4 a5 26. Ng3 g6 27. Bg4 Qxf4 28. Bd1 Qe3 29. Qh4 Nf2+ 30. Rxf2 Qxf2 31. Qe7 Rae8 32. Qxb7 Qxd4 33. Bf3 f4 34. Ne2 Qxb2 35. Qxd5 (35. Rc1 $17 {is a better defense.}) 35... Qxe5 36. Qb7 Qb2 37. Rg2 Qa1+ 38. Rg1 Qxa2 39. Qxb6 Qd2 40. Rg2 Qb4 41. Qa7 $19 (41. Qg1 $142 Rf6 42. Rf2) 41... a4 42. Qg1 a3 43. Rxg6 hxg6 44. Qxg6 Qe1+ 45. Ng1 Qe7 46. Qh6+ Qh7 47. Qa6 Qg7 48. Qxa3 Re1 49. Qc5 Rg8 0-1